 Dungeon Crawl Stone Soup version 0.27.1-33-g824d729ab1 (webtiles) character file.

Game seed: 5888243790208891636

593 zeram the Ducker (level 7, -9/46 HPs)
             Began as an Octopode Fighter on Dec 22, 2021.
             Mangled by a wyvern skeleton (15 damage)
             ... on level 5 of the Dungeon.
             The game lasted 00:06:19 (3827 turns).

zeram the Ducker (Octopode Fighter)                 Turns: 3827, Time: 00:06:19

Health: -9/46      AC:  1    Str: 15    XL:     7   Next: 39%
Magic:  7/7        EV: 12    Int: 12    God:
Gold:   147        SH:  9    Dex: 12    Spells: 3/6 levels left

rFire    . . .     SeeInvis +   a - +0 trident
rCold    . . .     Faith    .   b - +0 kite shield
rNeg     . . .     Spirit   .   (helmet restricted)
rPois    .         Reflect  .   (no amulet)
rElec    .         Harm     .   j - ring of see invisible
rCorr    .         Rampage  .   (no ring)
Will     .....                  (no ring)
Stlth    ++++......             (no ring)
HPRegen  0.15/turn              (no ring)
MPRegen  0.10/turn              (no ring)
                                (no ring)
                                (no ring)

@: brilliant
A: almost no armour, amphibious, 8 rings, camouflage 1, gelatinous body 1,
(nimble swimmer 1), tentacles
a: no special abilities


You were on level 5 of the Dungeon.
You visited 1 branch of the dungeon, and saw 5 of its levels.

You collected 147 gold pieces.

Inventory:

Hand Weapons
 a - a +0 trident (weapon)
Missiles
 h - 14 poisoned darts (quivered)
Armour
 b - a +0 kite shield (worn)
Jewellery
 j - a ring of see invisible (left tentacle)
Scrolls
 c - a scroll of immolation {unknown}
 m - a scroll of holy word
Potions
 e - a potion of flight
 g - a potion of berserk rage {unknown}
 n - a potion of degeneration {unknown}


   Skills:
 - Level 3.0 Fighting
 - Level 4.5 Polearms
 + Level 0.1 Throwing
 + Level 4.9 Dodging
 + Level 4.8 Stealth
 + Level 4.7 Shields


You had 3 spell levels left.
You knew the following spells:

 Your Spells              Type           Power      Damage    Failure   Level
a - Vampiric Draining     Necr           0%         2d6       98%         3

Your spell library contained the following spells:

 Spells                   Type           Power      Damage    Failure   Level
 Slow                     Hex            0%         N/A       88%         2
 Confusing Touch          Hex            0%         N/A       98%         3
 Gell's Gravitas          Tloc           0%         N/A       98%         3
 Lesser Beckoning         Tloc           0%         N/A       98%         3
 Teleport Other           Tloc           0%         N/A       98%         3


Dungeon Overview and Level Annotations

Branches:
Dungeon (5/15)
 Temple: D:4-7

Altars:
Uskayaw
Yredelemnul

Shops:
D:4 (


Innate Abilities, Weirdness & Mutations

You cannot wear most types of armour.
You are amphibious.
You can wear up to eight rings at the same time.
Your skin changes colour to match your surroundings (Stealth+).
Your rubbery body absorbs attacks. (AC +1, EV +1)
((You are camouflaged near water. (Stealth+)))
You have tentacles for arms and can constrict up to eight enemies at once.


Message History

You constrict the scorpion. The scorpion stings you.
The scorpion closely misses you.
You hit the scorpion but do no damage.
The scorpion is severely wounded.
You constrict the scorpion. The scorpion stings you!
You are poisoned.
The scorpion poisons you!
You hit the scorpion.
The scorpion is almost dead.
You constrict the scorpion.
You kill the scorpion!
You feel very sick.
You start resting.
You feel sick. x8
You are no longer poisoned.
You start resting.
A wyvern skeleton is nearby!
A wyvern skeleton is nearby!
Found 7 gold pieces.
You now have 147 gold pieces (gained 7).
You start resting.
A wyvern skeleton is nearby!
You start resting.
A wyvern skeleton is nearby!
You reach to attack!
You hit the wyvern skeleton.
The wyvern skeleton is lightly damaged.
The wyvern skeleton bites you!
It was a potion of brilliance.
You feel clever all of a sudden. The wyvern skeleton bites you.
* * * LOW HITPOINT WARNING * * *
The wyvern skeleton bites you.
* * * LOW HITPOINT WARNING * * *
You barely miss the wyvern skeleton.
You squeeze the wyvern skeleton, but do no damage.
The wyvern skeleton is lightly damaged.
You block the wyvern skeleton's attack.
Your shield prevents you from hitting the wyvern skeleton.
The wyvern skeleton is lightly damaged.
The wyvern skeleton bites you!
You die...

#####.####.#
(....>..##.#
####.....#.#
#.......#######
#...##...>....#
#...###.......#
#...# #.......#
>...# #.......#
#...# #.....Z@#
#.####### #..
##. .


You could see a wyvern skeleton.

Vanquished Creatures
  A water moccasin (D:4)
  A necrophage (D:3)
  A centaur (D:5)
  A scorpion (D:5)
  A bullfrog zombie (D:3)
  4 orc wizards
  5 adders
  A worm (D:4)
  3 dart slugs
  12 orcs
  7 endoplasms
  A giant cockroach (D:1)
  2 goblins
  7 hobgoblins
  5 jackals
  4 quokkas
  7 ball pythons
  4 bats
  5 kobolds
  8 rats
80 creatures vanquished.

Vanquished Creatures (others)
  9 plants (D:4)
9 creatures vanquished.

Grand Total: 89 creatures vanquished

Notes
Turn   | Place    | Note
-------+----------+-------------------------------------------
     0 | D:1      | zeram the Octopode Fighter began the quest for the Orb.
     0 | D:1      | Reached XP level 1. HP: 16/16 MP: 1/1
    37 | D:1      | Reached XP level 2. HP: 7/21 MP: 2/2
   595 | D:1      | Reached skill level 1 in Stealth
   751 | D:1      | Reached XP level 3. HP: 26/26 MP: 3/3
  1000 | D:1      | Found a faded altar of an unknown god.
  1377 | D:2      | Reached XP level 4. HP: 16/31 MP: 4/4
  1386 | D:2      | Learned a level 3 spell: Vampiric Draining
  1878 | D:3      | Found a basalt altar of Yredelemnul.
  2143 | D:3      | Found a hide-covered altar of Uskayaw.
  2331 | D:3      | Reached XP level 5. HP: 36/36 MP: 5/5
  2641 | D:4      | Noticed a necrophage
  2668 | D:3      | Killed a necrophage
  2669 | D:3      | Reached XP level 6. HP: 27/42 MP: 6/6
  2991 | D:4      | Found Tuth's Antique Weapon Emporium.
  3119 | D:4      | Noticed a water moccasin
  3148 | D:4      | Killed a water moccasin
  3287 | D:4      | Reached XP level 7. HP: 17/46 MP: 7/7
  3296 | D:5      | Entered Level 5 of the Dungeon
  3419 | D:5      | HP: 2/46 [centaur (5)]
  3827 | D:5      | Mangled by a wyvern skeleton

Illustrated notes

Levels and vault maps discovered:
D:1:      amcnicky_arrival_choice, layout_rooms,
          dreamdust_ecumenical_altar_angels_and_demons, st_stairs_14
D:2:      layout_rooms
D:3:      layout_loops_ring, mainiacjoe_overflow_24_doors,
          yredelemnul_altar_generic
D:4:      layout_basic, mainiacjoe_overflow_alcove_2,
          nicolae_elyvilon_temple_path, lemuel_blue_sif_altar, minitemple,
          serial_shops, nicolae_shop_waterfront, minmay_misc_feat_tower,
          nicolae_wooded_promenade, grunt_ministairs_9, minmay_manual_moon
D:5:      layout_rooms, serial_shops, shop, uniq_blork_the_orc, uniq_duvessa,
          uniq_grinder

Skill      XL: |  1  2  3  4  5  6 |
---------------+-------------------+-----
Stealth        | 1 2 3 4 |  4.8
Polearms       | 3 4 |  4.5
Dodging        | 4 |  4.9
Shields        | 4 |  4.7
Fighting       | |  3.0
Throwing       | |  0.1

Action                   |  1- 3 |  4- 6 |  7- 9 || total
-------------------------+-------+-------+-------++-------
Melee: Trident           |    85 |   105 |    16 ||   206
       Constrict         |    13 |    26 |     1 ||    40
       Tentacles         |    11 |    15 |     2 ||    28
Throw: Dart              |       |     1 |       ||     1
  Use: Scroll            |     2 |     4 |       ||     6
       Potion            |       |     6 |     1 ||     7
 Stab: Sleeping          |    12 |     5 |       ||    17
Armor: Skin              |    11 |     5 |     2 ||    18
Dodge: Dodged            |    30 |    39 |     8 ||    77
Block: Kite shield       |    33 |    34 |    11 ||    78
